 Dungeon Crawl Stone Soup version 0.29-a0-72-g1732ff48e7 (webtiles) character file.

Game seed: 12291433398532842070

9389 siradein the Fighter (level 11, -13/102 HPs)
             Began as a Pale Draconian Berserker on Feb 3, 2022.
             Was an Elder of Trog.
             Shot with an arrow by a centaur warrior (21 damage)
             ... on level 9 of the Dungeon.
             The game lasted 00:27:58 (11364 turns).

siradein the Fighter (Pale Draconian Berserker)    Turns: 11364, Time: 00:27:59

Health: -13/102    AC:  7    Str: 21    XL:     11   Next: 22%
Magic:  11/11      EV: 16    Int:  7    God:    Trog [****..]
Gold:   461        SH:  5    Dex: 14    Spells: 10/10 levels left

rFire   + . .      SeeInvis +   c - +0 great mace
rCold   . . .      Faith    .   (shield currently unavailable)
rNeg    . . .      Spirit   .   (armour unavailable)
rPois   .          Reflect  +   (helmet restricted)
rElec   .          Harm     .   (no cloak)
rCorr   .          Rampage  .   (no gloves)
Will    ++...                   (no boots)
Stlth   +.........              m - amulet of reflection
HPRegen 1.27/turn               i - ring of protection from fire
MPRegen 0.12/turn               t - ring of see invisible

@: short of breath, strong-willed, on berserk cooldown, regenerating, slowed,
very slow
A: breathe steam, AC +7, unfitting armour, cold-blooded, steam resistance
a: Breathe Steam, Renounce Religion, Berserk, Trog's Hand, Brothers in Arms


You were on level 9 of the Dungeon.
You worshipped Trog.
Trog was greatly pleased with you.
You visited 1 branch of the dungeon, and saw 9 of its levels.
You also visited: Sewer.

You collected 461 gold pieces.

Inventory:

Hand Weapons
 c - a +0 great mace (weapon)
 v - a +1 whip of electrocution
Jewellery
 e - a ring of positive energy
 i - a ring of protection from fire (left hand)
 m - an amulet of reflection (around neck)
 t - a ring of see invisible (right hand)
Wands
 y - a wand of flame (11)
 A - a wand of iceblast (6)
Scrolls
 a - a scroll of enchant weapon
 b - 5 scrolls of teleportation
 f - 2 scrolls of vulnerability {unknown}
 g - a scroll of amnesia {unknown}
 h - 2 scrolls of acquirement {unknown}
 j - 3 scrolls of blinking
 k - 3 scrolls of enchant armour {unknown}
 q - a scroll of fear {unknown}
 w - 2 scrolls of magic mapping
 C - a scroll of identify
Potions
 d - 2 potions of resistance
 l - a potion of curing
 n - a potion of attraction
 o - a potion of lignification
 p - a potion of degeneration {unknown}
 r - 2 potions of cancellation
 s - 3 potions of heal wounds
 u - 2 potions of flight
 x - a potion of mutation {unknown}
 z - a potion of magic {unknown}
Miscellaneous
 B - a piece from Xom's chessboard (15/15)


   Skills:
 + Level 11.2 Fighting
 + Level 10.2 Maces & Flails
 + Level 9.4 Dodging
 + Level 5.6 Evocations


You had 10 spell levels left.
You didn't know any spells.
Your spell library was empty.

Dungeon Overview and Level Annotations

Branches:
Dungeon (9/15)             Temple (0/1) D:4            Lair (0/6) D:9
  Sewer (visited)
    Orc: D:9-12

Altars:
Nemelex Xobeh

Shops:
D:4 :   D:5 (   D:7 (

Annotations:
D:9 3 runed translucent doors, robertstho's ghost, journeyman MiBe


Innate Abilities, Weirdness & Mutations

You can breathe blasts of scalding, opaque steam.
Your pale cyan-grey scales are hard. (AC +7)
You cannot fit into any form of body armour.
You are cold-blooded and may be slowed by cold attacks.
You are immune to the effects of steam.


Message History

The centaur warrior kicks you but does no damage.
Aiming: Breathe Steam (1% risk of failure)
Press: ? - help, Shift-Dir - straight line, f - centaur warrior
Aim: a centaur warrior, wearing the ring of Plog {rPois Str+4} and quivering arrows (81% to hit)
You exhale a blast of scalding steam.
The ball of steam hits the centaur warrior!
The centaur warrior is moderately wounded.
The centaur warrior is engulfed in a cloud of scalding steam.
The centaur warrior hits you but does no damage.
The centaur warrior kicks you but does no damage.
The centaur warrior misses you. The centaur warrior kicks you.
The centaur warrior is engulfed in a cloud of scalding steam.
You block the centaur warrior's attack. x2
The centaur warrior hits you with a staff of air.
* * * LOW HITPOINT WARNING * * *
You are electrocuted!
* * * LOW HITPOINT WARNING * * *
The centaur warrior kicks you.
* * * LOW HITPOINT WARNING * * *
Okay, then.
You fail to use your ability.
The centaur warrior is engulfed in a cloud of scalding steam.
The centaur warrior barely misses you. x2
You block the centaur warrior's attack. The centaur warrior misses you.
The centaur warrior is engulfed in a cloud of scalding steam.
The centaur warrior closely misses you.
The centaur warrior completely misses you.
The centaur warrior hits you with a staff of air.
* * * LOW HITPOINT WARNING * * *
You are electrocuted.
* * * LOW HITPOINT WARNING * * *
The centaur warrior kicks you but does no damage.
The centaur warrior is engulfed in a cloud of scalding steam.
The centaur warrior closely misses you. The centaur warrior barely misses you.
Blink to where?
Press: ? - help, Dir - move target, p - centaur warrior
As you read the scroll of blinking, it crumbles to dust.
The centaur warrior wields a +0 longbow.
The centaur warrior shoots an arrow.
The arrow hits you!!
You die...

#####...##.#
##c##.###.###
#####...#..#
#§c##......##
#.......##.##
###.##...###.##
#.####...##..#
##..##....# #..# #.#
#....#...###...#....##
##.# #.#
##...##...#...##...##
#.. #.#
##...##.....##...##
##. #>#
#...###...###...# #.
### ##...###@###..###
#. #...###.###.## ##
##...##.##..# #
#...##.##.## #
##...#.#..# #
#...#.#.## # ##......#
# #...#### # ##### #


You could see a centaur warrior.

Vanquished Creatures
  A centaur warrior (D:9)
  4 two-headed ogres
  Pikel (D:5)
  An ugly thing (D:9)
  A cyclops (D:9)
  A queen bee (shapeshifter) (D:9)
  A troll (D:9)
  Grinder (D:3)
  A hornet (D:9)
  3 yaks (D:9)
  A vampire (D:9)
  Eustachio (D:6)
  A steam dragon (D:8)
  An acid dragon (D:8)
  A water moccasin (Sewer)
  An ice beast (D:7)
  2 sky beasts
  2 necrophages
  5 orc warriors
  2 ogres
  4 black bears
  A lemure (D:5)
  A centaur (D:8)
  A phantom (D:7)
  A kobold brigand (D:8)
  2 bullfrogs
  A gnoll sergeant (D:8)
  3 wyvern zombies
  2 scorpions
  A wyvern skeleton (D:7)
  13 killer bees
  A centaur zombie (D:5)
  3 hounds (D:5)
  4 orc priests
  Natasha (D:4)
  6 orc wizards
  A killer bee zombie (D:6)
  2 hound zombies (D:5)
  A hound skeleton (D:5)
  A howler monkey zombie (D:9)
  2 howler monkey skeletons
  7 gnolls
  7 adders
  A white imp (D:6)
  An adder skeleton (D:4)
  A worm (D:1)
  4 dart slugs
  37 orcs
  7 endoplasms
  2 giant cockroaches
  6 goblins
  7 hobgoblins
  5 jackals
  12 kobolds
  2 quokkas
  7 ball pythons
  3 bats
  4 frilled lizards
  6 rats
203 creatures vanquished.

Vanquished Creatures (others)
  A plant (D:7)
1 creature vanquished.

Grand Total: 204 creatures vanquished

Notes
Turn   | Place    | Note
-------+----------+-------------------------------------------
     0 | D:1      | siradein the Draconian Berserker began the quest for the
                  | Orb.
     0 | D:1      | Reached XP level 1. HP: 19/19 MP: 1/1
   187 | D:1      | Reached XP level 2. HP: 14/26 MP: 2/2
  2046 | D:2      | Reached XP level 3. HP: 30/33 MP: 3/3
  2074 | D:2      | Reached ** piety under Trog
  2199 | D:2      | Found a faded altar of an unknown god.
  2225 | D:2      | Reached skill level 4 in Fighting
  2887 | D:3      | Reached XP level 4. HP: 15/40 MP: 4/4
  3214 | D:3      | Noticed Grinder
  3220 | D:3      | Killed Grinder
  3221 | D:3      | Reached skill level 5 in Fighting
  3221 | D:3      | Reached XP level 5. HP: 48/48 MP: 5/5
  3221 | D:3      | Reached XP level 6. HP: 56/56 MP: 6/6
  3958 | D:4      | Found Ymirhof's Book Shop.
  4069 | D:4      | Found a sparkling altar of Nemelex Xobeh.
  4076 | D:4      | Reached skill level 5 in Maces & Flails
  4101 | D:4      | Noticed Natasha
  4118 | D:4      | Killed Natasha
  4135 | D:4      | Found a staircase to the Ecumenical Temple.
  4144 | D:4      | Your scales start taking on a pale cyan-grey colour.
  4144 | D:4      | Reached XP level 7. HP: 61/62 MP: 7/7
  4144 | D:4      | Gained mutation: You are immune to the effects of steam.
                  | [Pale Draconian growth]
  4152 | D:4      | Reached skill level 6 in Fighting
  4766 | D:5      | Entered Level 5 of the Dungeon
  4911 | D:5      | Reached skill level 5 in Dodging
  4973 | D:5      | Noticed Pikel
  4998 | D:5      | Killed Pikel
  4998 | D:5      | Reached *** piety under Trog
  4999 | D:5      | Reached skill level 7 in Fighting
  4999 | D:5      | Reached XP level 8. HP: 63/73 MP: 8/8
  5114 | D:5      | Found Cilat's Weapon Boutique.
  5919 | D:6      | Noticed Eustachio
  5928 | D:6      | Killed Eustachio
  5929 | D:6      | Reached skill level 8 in Fighting
  6080 | D:6      | Found a glowing drain.
  6092 | D:6      | Reached XP level 9. HP: 63/81 MP: 9/9
  6096 | Sewer    | Entered a sewer
  7201 | D:7      | Found Hathreocw's Antique Weapon Boutique.
  7771 | D:7      | Reached skill level 9 in Fighting
  8138 | D:8      | Reached **** piety under Trog
  8745 | D:8      | Noticed a two-headed ogre
  8757 | D:8      | Killed a two-headed ogre
  8758 | D:8      | Reached skill level 1 in Evocations
  8758 | D:8      | Reached XP level 10. HP: 93/93 MP: 10/10
  8995 | D:8      | Reached skill level 10 in Fighting
  9405 | D:9      | Noticed a two-headed ogre
  9421 | D:9      | Killed a two-headed ogre
 10002 | D:9      | Noticed a two-headed ogre
 10002 | D:9      | Noticed a cyclops
 10033 | D:9      | Killed a two-headed ogre
 10633 | D:9      | Found a large runed translucent door.
 10634 | D:9      | Found a large runed translucent door.
 10634 | D:9      | Noticed robertstho's ghost (journeyman MiBe)
 10722 | D:9      | Noticed a two-headed ogre
 10760 | D:9      | Killed a two-headed ogre
 11086 | D:9      | Found a runed translucent door.
 11087 | D:9      | Found a runed translucent door.
 11095 | D:9      | Reached skill level 10 in Maces & Flails
 11095 | D:9      | Reached skill level 5 in Evocations
 11197 | D:9      | Reached XP level 11. HP: 98/101 MP: 11/11
 11198 | D:9      | Reached skill level 11 in Fighting
 11302 | D:9      | Found a staircase to the Lair.
 11333 | D:9      | Noticed a red ugly thing
 11333 | D:9      | Noticed a centaur warrior
 11348 | D:9      | Killed a centaur warrior
 11349 | D:9      | Noticed a centaur warrior
 11356 | D:9      | Identified the ring of Plog {rPois Str+4}
 11356 | D:9      | Noticed a centaur warrior
 11358 | D:9      | Killed a red ugly thing
 11358 | D:9      | Identified the +5 great sword "Rewedits" {vamp, Dex+2}
 11358 | D:9      | Noticed a centaur warrior
 11364 | D:9      | Shot with an arrow by a centaur warrior

Illustrated notes

Levels and vault maps discovered:
D:1:      tarquinn_simple_flora_water_e, layout_loops_cross,
          serial_co_window_serial, co_window_corner_a, co_window_corner_a,
          co_window_paths_a, co_window_of_opportunity_a, co_window_paths_b,
          co_window_unsneaky_path_c, co_window_unsneaky_path_b,
          co_window_broadway_c, co_window_corner_b, co_window_corner_b,
          co_window_broadway_a, co_window_paths_d, glass_columns_a,
          glass_columns_a, glass_columns_b
D:2:      layout_rooms, ebering_ecumenical_altar_sacrificial,
          grunt_ministairs_10
D:3:      layout_basic, kennysheep_generic_room_10, uniq_grinder
D:4:      layout_basic, old_standard_altar, minmay_temple_entry_proselytizer,
          serial_shops, nicolae_shop_behind_doors, uniq_natasha
D:5:      layout_loops_cross, serial_shops, nicolae_shop_statue_plus, uniq_pikel
D:6:      layout_loops_ring, portal_sewer_entry_a, uniq_eustachio
D:7:      layout_gridville, serial_shops, nicolae_shop_hallway_stairs,
          grunt_decor_mini_mirrors, serial_bayou_crossing
D:8:      layout_basic, minivault_4
D:9:      minmay_the_grid_triangle_9x9_recursive_2
          [minmay_the_grid_triangle_9x9_prize_schism,
          minmay_the_grid_triangle_9x9_tough_junction,
          minmay_the_grid_triangle_9x9_zippers_horizontal,
          minmay_the_grid_triangle_9x9_sprig], layout_basic, lair_entry_dummy,
          ebering_ghost_disaster_area

Skill      XL: |  1  2  3  4  5  6  7  8  9 10 11 |
---------------+----------------------------------+-----
Dodging        | 3 4 5 6 8 9 |  9.4
Fighting       | 4 5 7 8 9 10 11 | 11.2
Maces & Flails | 4 5 6 7 8 10 | 10.2
Evocations     | 1 5 |  5.6

Action                   |  1- 3 |  4- 6 |  7- 9 | 10-12 || total
-------------------------+-------+-------+-------+-------++-------
Melee: Mace              |    27 |       |       |       ||    27
       Tailslap          |    11 |     3 |    24 |    11 ||    49
       Great mace        |   100 |    78 |   158 |   101 ||   437
       Whip              |       |       |    20 |       ||    20
Invok: Berserk           |     1 |     1 |       |     2 ||     4
       Trog's Hand       |       |       |       |     2 ||     2
 Abil: Breathe Steam     |       |       |    27 |    29 ||    56
  Use: Scroll            |       |       |     7 |     6 ||    13
 Stab: Distracted        |     1 |       |       |       ||     1
       Sleeping          |     1 |       |       |       ||     1
Armor: Skin              |    61 |    22 |    40 |    35 ||   158
Dodge: Dodged            |   114 |    67 |   112 |   114 ||   407
Block: Other             |     1 |    24 |    42 |    32 ||    99

Table legend: (Time is in decaauts)
 A = Elapsed time spent in this place.
 B = Non-inter-level travel time spent in this place.
 C = Inter-level travel time spent in this place.
 D = Time resting spent in this place.
 E = Time spent auto-exploring this place.
 F = Levels seen in this place.
 G = Mean time per level.
                   A        B        C        D        E       F      G
               +--------+--------+--------+--------+--------+-----+--------+
         Total |  11584 |  11370 |    214 |    766 |   8537 |  10 | 1158.4 |
       Dungeon |  11179 |  10965 |    214 |    766 |   8173 |   9 | 1242.1 |
         Sewer |    405 |    405 |      0 |      0 |    363 |   1 |  405.0 |
               +--------+--------+--------+--------+--------+-----+--------+

Top non-repeatable levels by time:
     D:9: 1953 daAuts
     D:1: 1944 daAuts
     D:8: 1328 daAuts
     D:7: 1176 daAuts
     D:3: 1156 daAuts
     D:5: 1091 daAuts
     D:4: 932 daAuts
     D:2: 851 daAuts
     D:6: 744 daAuts
   Sewer: 405 daAuts
